 Dungeon Crawl Stone Soup version 0.30.1-4-g462c640d31 (webtiles) character file.

Game seed: 5213977664020788583

574 Buffagor the Chopper (level 7, -1/52 HPs)
             Began as a Demonspawn Berserker on Aug 23, 2023.
             Was a Priest of Trog.
             Slain by Maggie
             ... wielding a +0 heavy war axe
              (21 damage)
             ... while paralysed by Grinder
             ... on level 6 of the Dungeon.
             The game lasted 00:08:33 (3864 turns).

Buffagor the Chopper (Demonspawn Berserker)         Turns: 3864, Time: 00:08:33

Health: -1/52      AC:  8    Str: 19    XL:     7   Next: 12%
Magic:  7/7        EV:  2    Int:  9    God:    Trog [***...]
Gold:   323        SH:  0    Dex: 12    Spells: 6/6 levels left

rFire   . . .        a - +0 hand axe (flame)
rCold   . . .        (no shield)
rNeg    . . .        c - +0 ring mail
rPois   .            h - +0 helmet
rElec   .            (no cloak)
rCorr   .            (no gloves)
SInv    .            (no boots)
Will    .....        (no amulet)
Stlth   +            (no ring)
HPRegen 0.28/turn    (no ring)
MPRegen 0.10/turn

%: no passive effects
@: paralysed
A: icy blue scales 1, demonic guardian 1, foul stench 2, weakness stinger 1
a: Renounce Religion, Berserk, Trog's Hand


You were on level 6 of the Dungeon.
You worshipped Trog.
Trog was most pleased with you.
You visited 1 branch of the dungeon, and saw 6 of its levels.
You also visited: Sewer.

You collected 323 gold pieces.

Inventory:

Hand Weapons
 a - a +0 hand axe of flaming (weapon)
 b - a +0 sling
Missiles
 v - 8 poisoned darts (quivered)
 x - 5 stones
Armour
 c - a +0 ring mail (worn)
 h - a +0 helmet (worn)
Jewellery
 k - a ring of magical power
 y - the ring of Shadows {Umbra +Inv Stlth+}
   (You found it on level 5 of the Dungeon)

   [ring of stealth]

   Umbra:     It surrounds you with an aura of shadow, increasing your stealth
   and reducing the accuracy of all others within it.
   +Inv:      It lets you turn invisible.
   Stlth:     It makes you more stealthy.
Wands
 u - a wand of mindburst (6)
Scrolls
 i - a scroll of identify
 j - 4 scrolls of teleportation
 l - a scroll of fog
 n - 2 scrolls of poison
 o - a scroll of enchant armour {unknown}
 q - 2 scrolls of fear {unknown}
 s - 2 scrolls of noise
 t - a scroll of brand weapon
 z - a scroll of butterflies
 A - a scroll of torment {unknown}
Potions
 d - 5 potions of heal wounds
 e - a potion of invisibility {unknown}
 f - 2 potions of brilliance
 g - a potion of curing
 m - 2 potions of mutation
 p - a potion of degeneration
 r - a potion of magic {unknown}
 w - a potion of attraction {unknown}


   Skills:
 - Level 3.0 Fighting
 + Level 5.6(6.4) Axes
 + Level 4.7(6.0) Polearms
 - Level 1.7 Armour
 - Level 1.7 Dodging


You had 6 spell levels left.
You didn't know any spells.
Your spell library was empty.

Dungeon Overview and Level Annotations

Branches:
Dungeon (6/15)              Sewer (visited)
 Temple: D:4-7

Altars:
Hepliaklqana

Shops:
D:1 *   D:3 ?   D:5 :

Annotations:
D:6 Grinder, Maggie


Innate Abilities, Weirdness & Mutations

You are partially covered in icy blue scales. (AC +2)
A weak demonic guardian rushes to your aid.
You sometimes emit foul miasma when damaged in melee.
You have a small tail.


Message History

The arrow hits you but does no damage.
The centaur shoots an arrow.
The arrow hits you but does no damage.
Grinder comes into view.
The centaur shoots an arrow.
The arrow hits you.
Grinder shouts!
You hear a shout!
The centaur shoots an arrow.
The arrow hits you.
Maggie the Vainglorious comes into view.
She is wielding a +0 heavy war axe.
Found a stone staircase leading down.
The centaur unwields a +0 shortbow.
The centaur hits you but does no damage.
The centaur barely misses you.
Grinder blinks!
You barely miss the centaur. You hit Grinder. You burn Grinder.
The centaur hits you but does no damage.
The centaur kicks you but does no damage.
Grinder hits you but does no damage. The centaur hits you.
The centaur kicks you but does no damage.
You barely miss the centaur. You hit Grinder. You burn Grinder.
Grinder hits you.
You writhe in agony.
The centaur barely misses you.
The centaur kicks you but does no damage.
You completely miss the centaur. Your punch misses the centaur.
You hit Maggie but do no damage. You barely miss Grinder.
The centaur hits you but does no damage.
The centaur barely misses you. Grinder gestures at you.
You suddenly lose the ability to move!
Maggie hits you with a +0 heavy war axe.
The centaur hits you.
The centaur kicks you but does no damage.
Grinder hits you.
You writhe in agony.
The centaur hits you but does no damage.
The centaur kicks you but does no damage.
Maggie hits you with a +0 heavy war axe.
The centaur hits you.
The centaur kicks you but does no damage.
Grinder hits you but does no damage.
The centaur hits you but does no damage.
The centaur completely misses you. Grinder hits you.
You writhe in agony.
You emit a cloud of foul miasma!
Maggie hits you with a +0 heavy war axe!!
You die...

#........# #........#
#........+ #........#
#........# #........#
####...c@...#.#
.......@.....>#
######..5####.# #..## '#
#..# ... #..#####.#
...##### #........#
......###### #.######.#
#.#........###'######.#
.#.#........#..........#


You could see Maggie, Grinder and a centaur.

Vanquished Creatures
  Pargi (Sewer)
  A kobold brigand (D:5)
  A scorpion (D:5)
  2 jellies (D:5)
  A hound (D:5)
  2 iguanas
  2 orc wizards (D:6)
  6 adders
  A river rat (D:5)
  A shadow imp (D:6)
  6 dart slugs
  6 orcs
  6 endoplasms
  3 giant cockroaches
  5 goblins
  5 hobgoblins
  11 kobolds
  3 quokkas
  15 ball pythons
  5 bats
  9 frilled lizards
  2 rats
94 creatures vanquished.

Notes
Turn   | Place    | Note
-------+----------+-------------------------------------------
     0 | D:1      | Buffagor the Demonspawn Berserker began the quest for the
                  | Orb.
     0 | D:1      | Reached XP level 1. HP: 18/18 MP: 1/1
   330 | D:1      | Reached skill level 3 in Axes
   360 | D:1      | Reached skill level 1 in Polearms
   360 | D:1      | Gained mutation: You may rarely emit foul miasma when
                  | damaged in melee. [demonic ancestry]
   360 | D:1      | Reached XP level 2. HP: 24/24 MP: 2/2
   466 | D:1      | Found a faded altar of an unknown god.
   513 | D:1      | Gained mutation: You are partially covered in icy blue
                  | scales. (AC +2) [demonic ancestry]
   513 | D:1      | Reached XP level 3. HP: 27/29 MP: 3/3
   639 | D:1      | Found Fompas's General Store.
   918 | D:2      | Reached ** piety under Trog
  1284 | D:3      | Gained mutation: You sometimes emit foul miasma when
                  | damaged in melee. [demonic ancestry]
  1284 | D:3      | Reached XP level 4. HP: 24/35 MP: 4/4
  1589 | D:3      | Found Caurar's Magic Scroll Shop.
  1824 | D:4      | Reached skill level 4 in Axes
  2138 | D:4      | Gained mutation: A weak demonic guardian rushes to your
                  | aid. [demonic ancestry]
  2138 | D:4      | Reached XP level 5. HP: 35/41 MP: 5/5
  2313 | D:4      | Found a faded altar of an unknown god.
  2313 | D:4      | Found a faded altar of an unknown god.
  2315 | D:4      | Found a hazy altar of Hepliaklqana.
  2497 | D:5      | Entered Level 5 of the Dungeon
  2622 | D:5      | Found a glowing drain.
  2633 | Sewer    | Entered a sewer
  2715 | Sewer    | Noticed Pargi
  2723 | Sewer    | Killed Pargi
  2724 | Sewer    | Gained mutation: You have a small tail. [demonic ancestry]
  2724 | Sewer    | Reached XP level 6. HP: 25/47 MP: 6/6
  2920 | D:5      | Reached skill level 5 in Axes
  3175 | D:5      | Found Arauwne's Book Emporium.
  3301 | D:5      | Reached *** piety under Trog
  3346 | D:5      | Found the ring of Shadows {Umbra +Inv Stlth+}
  3701 | D:6      | Reached XP level 7. HP: 52/52 MP: 7/7
  3855 | D:6      | Noticed Grinder
  3856 | D:6      | Noticed Maggie
  3861 | D:6      | Paralysed by Grinder for 4 turns
  3864 | D:6      | Slain by Maggie

Illustrated notes

Levels and vault maps discovered:
D:1:      matt_arrival_refuge, layout_loops_cross, serial_shops, shop,
          shapermc_ecumenical_altar_mp_ritualfount, minmay_hexomino_c4
D:2:      layout_rooms, minivault_19
D:3:      layout_rooms, serial_shops, shop_scrolls
D:4:      layout_cave_pools, nicolae_hepliaklqana_ecumenical_no_more,
          st_stairs_7
D:5:      layout_loops_ring, serial_shops, nicolae_shop_peninsula,
          portal_sewer_entry_b
D:6:      layout_basic, uniq_grinder, uniq_maggie

Skill      XL: |  1  2  3  4  5  6 |
---------------+-------------------+-----
Axes           | 3 4 5 |  5.6
Polearms       | 1 2 3 4 |  4.7
Fighting       | |  3.0
Armour         | |  1.7
Dodging        | |  1.7

Action                     |  1- 3 |  4- 6 |  7- 9 || total
---------------------------+-------+-------+-------++-------
  Melee: Hand axe          |    84 |   141 |    13 ||   238
         Punch             |     2 |       |     1 ||     3
         Tailslap          |       |     2 |     1 ||     3
  Throw: Stone             |    32 |    16 |       ||    48
         Dart              |       |    58 |     5 ||    63
 Invoke: Berserk           |     1 |       |       ||     1
    Use: Scroll            |       |    13 |       ||    13
 Armour: Ring mail         |    41 |    50 |    21 ||   112
  Dodge: Dodged            |    38 |    79 |     6 ||   123
